 Dungeon Crawl Stone Soup version 0.19-a0-1065-gdac414d (webtiles) character file.

707 4thArraOfDagon the Grappler (level 7, -6/59 HPs)
             Began as a Troll Air Elementalist on Aug 3, 2016.
             Was an Initiate of Ashenzari.
             Mangled by a gnoll
             ... wielding a +0 spear
              (7 damage)
             ... on level 7 of the Dungeon.
             The game lasted 00:07:42 (1441 turns).

4thArraOfDagon the Grappler (TrAE)                  Turns: 1441, Time: 00:07:42

Health: -6/59      AC:  5    Str: 17    XL:     7   Next: 40%
Magic:  7/7        EV: 10    Int: 13    God:    Ashenzari [......]
Gold:   131        SH:  0    Dex: 10    Spells: 3 memorised, 3 levels left

rFire  . . .     SeeInvis .       - Unarmed
rCold  . . .     Gourm    +     a - +0 robe
rNeg   . . .     Faith    +     (no shield)
rPois  .         Spirit   .     (helmet restricted)
rElec  .         Dismiss  .     (no cloak)
rCorr  +         Reflect  .     (gloves unavailable)
SustAt .         Harm     .     (boots unavailable)
MR     .....                    f - amulet of faith (curse)
Stlth  +.........               (no ring)
                                i - ring of resist corrosion

@: repel missiles
A: unfitting armour, claws 3, fast metabolism 3, gourmand, regeneration 2,
shaggy fur 1, tough skin 2
a: Curse Item, Renounce Religion


You were on level 7 of the Dungeon.
You worshipped Ashenzari.
Ashenzari was noncommittal.
You were very full.

You visited 2 branches of the dungeon, and saw 8 of its levels.

You collected 131 gold pieces.

Inventory:

Armour
 a - a +0 robe (worn)
Jewellery
 f - a cursed amulet of faith (around neck)
 i - a ring of resist corrosion (left claw)
Wands
 e - a wand of paralysis (5/24)
Scrolls
 g - a scroll of immolation
Books
 b - a book of Air

   Spells                             Type                      Level
   a - Shock                          Conjuration/Air              1
   b - Swiftness                      Charms/Air                   2
   c - Repel Missiles                 Charms/Air                   2
   d - Static Discharge               Conjuration/Air              3
   e - Lightning Bolt                 Conjuration/Air              5
Comestibles
 c - 6 bread rations
 d - 2 meat rations
 j - 2 slices of pizza
 m - a beef jerky


   Skills:
 - Level 1.5 Dodging
 - Level 1.1 Stealth
 * Level 8.1 Unarmed Combat
 - Level 1.2 Spellcasting
 - Level 0.6 Conjurations
 - Level 2.0 Air Magic


You had 3 spell levels left.
You knew the following spells:

 Your Spells              Type           Power        Failure   Level  Hunger
a - Shock                 Conj/Air       #...         17%         1    ##.....
b - Repel Missiles        Chrm/Air       #.....       30%         2    ###....
c - Swiftness             Chrm/Air       #.......     30%         2    ###....


Dungeon Overview and Level Annotations

Branches:
Dungeon (7/15)             Temple (1/1) D:4

Altars:
Ashenzari
Dithmenos
Elyvilon
Fedhas
Gozag
Hepliaklqana
Makhleb
Nemelex Xobeh
Okawaru
Pakellas
Qazlal
Ru
Sif Muna
Trog
Uskayaw
Xom
Yredelemnul
Zin
The Shining One


Innate Abilities, Weirdness & Mutations

You are too large for most types of armour.
You have claws for hands.
Your metabolism is lightning-fast.
You like to eat raw meat.
You heal very quickly.
You are covered in fur. (AC +1)
You have very tough skin. (AC +2)


Message History

* * * LOW HITPOINT WARNING * * *
Unknown command.
Unknown command.
The hound closely misses you.
Unknown command.
Unknown command.
Evoke which item? (* to show all) (? for menu, Esc to quit)
Zapping:
e - a wand of paralysis (will waste charges)
Press: ? - help, Shift-Dir - straight line, f - hound
Aim: a hound (chance to defeat MR: 54%)
The hound resists with significant effort.
Evoking this partially-identified wand wasted a few charges.
The hound bites you.
* * * LOW HITPOINT WARNING * * *
The hound completely misses you.
Unknown command.
Unknown command.
Unknown command.
The gnoll hits you from afar with a spear!
You die...

,,,,,,,,,,,,,* *,,,,,,,
,,,,,,,,,...,* *###** *,,,,,,,
,,******,....* *..,,* ******,,
,,* *,....####..,,* *,, ,,*
*,..........,,* *,,
,,******,.........,,,* *****,,
,,*,,,,*,........#*+** **,,,***
,,*,,,,*****#....+,,,* *,,,,*,,
,,*,,,,,,,,,#...@#>,,* *,,,,*,,
,,+,,,,,,,,,#...h#,,,* *,,,,*,,
,,######*,,,+.g..+,,,* **,,,**,
,,#....####+#....#+*** **,,,**,
,,#....#.........#,,** *,,,,*,,
..#....'.........#,,,** *,,,,*,,
..+....#.........#,,,,** *,,,,+,,
..#,...#.........#,,,,,******,**+
..####)#....$#####,,,,,*,****,**,


You could see a hound and a gnoll.

Vanquished Creatures
  Menkaure (D:4)
  An ogre (D:4)
  A giant frog (D:5)
  A scorpion (D:4)
  A water moccasin skeleton (D:5)
  A howler monkey (D:5)
  A centaur skeleton (D:6)
  2 orc priests
  An orc wizard (D:3)
  An iguana (D:4)
  A worker ant (D:4)
  2 gnolls (D:7)
  4 adders
  An adder skeleton (D:4)
  4 giant geckos
  22 orcs
  2 bats
  2 giant cockroaches
  3 hobgoblins
  6 jackals
  2 kobolds (D:3)
  2 quokkas
  A giant newt (D:3)
  A jackal skeleton (D:6)
  A rat (D:2)
65 creatures vanquished.

Notes
Turn   | Place    | Note
-------+----------+-------------------------------------------
     0 | D:1      | 4thArraOfDagon the Troll Air Elementalist began the quest for the Orb.
     0 | D:1      | Reached XP level 1. HP: 16/16 MP: 1/1
    36 | D:1      | Reached skill level 1 in Unarmed Combat
   221 | D:3      | Reached skill level 2 in Unarmed Combat
   221 | D:3      | Reached XP level 2. HP: 18/24 MP: 2/2
   233 | D:3      | Learned a level 2 spell: Repel Missiles
   302 | D:4      | Reached skill level 3 in Unarmed Combat
   302 | D:4      | Reached XP level 3. HP: 23/31 MP: 3/3
   345 | D:4      | Noticed a hand axe
   345 | D:4      | Noticed a hand axe
   351 | D:4      | Found a staircase to the Ecumenical Temple.
   358 | Temple   | Entered the Ecumenical Temple
   461 | Temple   | Became a worshipper of Ashenzari the Shackled
   477 | D:4      | Noticed an orc warrior
   495 | D:4      | Found a hide-covered altar of Uskayaw.
   568 | D:3      | Found a faded altar of an unknown god.
   581 | D:3      | Reached XP level 4. HP: 39/39 MP: 4/4
   594 | D:3      | Reached skill level 4 in Unarmed Combat
   763 | D:3      | Found a sparkling altar of Nemelex Xobeh.
   817 | D:3      | Reached XP level 5. HP: 24/45 MP: 5/5
   859 | D:4      | Reached skill level 5 in Unarmed Combat
   900 | D:4      | Noticed Menkaure
   919 | D:4      | Killed Menkaure
   919 | D:4      | Reached skill level 6 in Unarmed Combat
   919 | D:4      | Reached XP level 6. HP: 42/53 MP: 6/6
   954 | D:5      | Entered Level 5 of the Dungeon
   983 | D:5      | Reached skill level 7 in Unarmed Combat
  1019 | D:6      | Found a blossoming altar of Fedhas.
  1026 | D:6      | Reached XP level 7. HP: 58/59 MP: 7/7
  1270 | D:6      | Learned a level 2 spell: Swiftness
  1328 | D:6      | Reached skill level 8 in Unarmed Combat
  1436 | D:7      | HP: 1/59 [hound (5)]
  1441 | D:7      | Mangled by a gnoll

Vault maps used:
D:1:      grunt_arrival_lava_bath
D:3:      old_standard_altar, first_bread, ecumenical_altar_2,
          grunt_dithmenos_smoke
D:4:      dancing_weapons_uskayaw, uniq_menkaure
D:5:      nicolae_overflow_crystal_walls, serial_shops, shop
D:6:      fedhas_altar_1, marbit_many_paths, st_stairs_14,
          nicolae_lava_and_water, kennysheep_generic_room_6
D:7:      basic_altar
Temple:   regret_index_temple_sphere_string

Skill      XL: |  1  2  3  4  5  6  7 |
---------------+----------------------+-----
Unarmed Combat | 2 3 4 6 7 8 |  8.1
Dodging        | |  1.5
Stealth        | |  1.1
Spellcasting   | |  1.2
Conjurations   | |  0.6
Air Magic      | |  2.0

Action                   |  1- 3 |  4- 6 |  7- 9 || total
-------------------------+-------+-------+-------++-------
Melee: Unarmed           |    68 |    87 |    63 ||   218
       Punch             |     1 |     3 |     2 ||     6
 Cast: Repel Missiles    |     1 |       |     1 ||     2
Invok: Curse Item        |     1 |       |       ||     1
Evoke: Wand              |       |       |     1 ||     1
  Use: Scroll            |     1 |     4 |     1 ||     6
       Potion            |       |       |     1 ||     1
 Stab: Sleeping          |     1 |       |       ||     1
  Eat: Chunk             |     9 |     6 |     3 ||    18
Armor: Robe              |    17 |    18 |    25 ||    60
Dodge: Dodged            |    33 |    27 |    43 ||   103
       Deflected         |       |     1 |       ||     1
